 Dungeon Crawl Stone Soup version 0.25-a0-632-g7713895373 (webtiles) character file.

Game seed: 15484321616079967545, levelgen mode: deterministic

3768 Amnesiac the Cleaver (level 9, -8/74 HPs)
             Began as a Deep Dwarf Fighter on Mar 19, 2020.
             Was an Initiate of Makhleb.
             Engulfed by Maggie's flame (16 damage)
             ... on level 8 of the Dungeon.
             The game lasted 00:10:11 (6664 turns).

Amnesiac the Cleaver (Deep Dwarf Fighter)           Turns: 6664, Time: 00:10:11

Health: -8/74      AC: 12    Str: 22    XL:     9   Next: 94%
Magic:  8/8        EV:  5    Int: 10    God:    Makhleb [......]
Gold:   393        SH:  9    Dex: 12    Spells: 8/8 levels left

rFire    . . .     SeeInvis .   b - +4 dagger (venom)
rCold    . . .     Gourm    .   c - +0 kite shield
rNeg     . . .     Faith    .   y - +0 plate armour
rPois    .         Spirit   .   (no helmet)
rElec    .         Reflect  .   (no cloak)
rCorr    .         Harm     .   (no gloves)
MR       +....                  k - +0 pair of boots
Stlth    ..........             (no amulet)
HPRegen  0.00/turn              (no ring)
MPRegen  0.11/turn              (no ring)

@: non-regenerating
A: damage resistance, heal wounds, sense surroundings 2, no regeneration
a: Heal Wounds, Renounce Religion


You were on level 8 of the Dungeon.
You worshipped Makhleb.
Makhleb was noncommittal.
You were not hungry.

You visited 2 branches of the dungeon, and saw 9 of its levels.

You collected 393 gold pieces.

Inventory:

Hand Weapons
 a - a +1 war axe
 b - a +4 dagger of venom (weapon)
Missiles
 g - 22 poisoned darts (quivered)
 B - 8 curare-tipped darts
Armour
 c - a +0 kite shield (worn)
 k - a +0 pair of boots (worn)
 y - a +0 plate armour (worn)
 D - the +5 scale mail of Sepryst {*Slow Int+8, unknown}
   (You found it on level 8 of the Dungeon)

   It affects your intelligence (+8).
   It may slow you when you take damage.
Wands
 F - a wand of disintegration (10)
Scrolls
 e - 2 scrolls of fear {!r, unknown}
 h - a scroll of amnesia {!r, unknown}
 i - 2 scrolls of remove curse {!r, unknown}
 l - a scroll of noise {!r, unknown}
 m - 2 scrolls of enchant weapon {!r}
 o - a scroll of enchant armour {!r, unknown}
 p - 5 scrolls of teleportation {!r}
 u - a scroll of fog {!r}
 w - a scroll of blinking {!r}
 E - a scroll of identify {!r}
Potions
 d - 2 potions of might {!q}
 j - a potion of ambrosia {!q, unknown}
 n - a potion of heal wounds {!q, unknown}
 q - a potion of mutation {!q, unknown}
 r - a potion of stabbing {!q, unknown}
 s - 3 potions of curing {!q}
 t - 2 potions of magic {!q, unknown}
 v - 2 potions of lignification {!q}
 x - 2 potions of flight {!q, unknown}
 z - a potion of invisibility {!q, unknown}
 A - a potion of berserk rage {!q}
Comestibles
 f - 15 rations
 C - 2 chunks of flesh


   Skills:
 - Level 2.6 Fighting
 * Level 13.4 Axes
 - Level 3.2 Armour
 - Level 3.3 Dodging
 - Level 3.2 Shields
 + Level 7.6 Invocations


You had 8 spell levels left.
You didn't know any spells.
Your spell library contained the following spells:

 Spells                   Type           Power        Failure   Level  Hunger
 Shock                    Conj/Air       #...         100%        1    ##.....
 Swiftness                Chrm/Air       #.......     100%        2    ###....
 Static Discharge         Conj/Air       #.......     100%        3    ####...
 Airstrike                Air            #.........   100%        4    #####..
 Lightning Bolt           Conj/Air       #.........   100%        5    ######.


Dungeon Overview and Level Annotations

Branches:
Dungeon (8/15)             Temple (1/1) D:7
   Lair: D:8-11

Altars:
Ashenzari
Cheibriados
Elyvilon
Fedhas
Gozag
Hepliaklqana
Kikubaaqudgha
Makhleb
Nemelex Xobeh
Okawaru
Qazlal
Ru
Sif Muna
Trog
Uskayaw
Vehumet
Wu Jian
Xom
Yredelemnul
Zin
The Shining One

Annotations:
D:4 1 runed translucent door
D:8 Maggie


Innate Abilities, Weirdness & Mutations

You are resistant to damage.
You can heal yourself by infusing magical energy.
You passively map the area around you.
You do not regenerate.


Message History

Joseph is severely wounded.
Joseph zaps a wand.
You resist with some effort.
You hit Joseph.
Joseph looks as sick as possible!
Joseph is severely wounded.
You block Joseph's attack.
Your plate armour prevents you from hitting Joseph.
Joseph is severely wounded.
Joseph zaps a wand.
You are blasted!
* * * LOW HITPOINT WARNING * * *
You hit Joseph.
Joseph is severely wounded.
Joseph zaps a wand.
You resist with some effort.
You are too injured to fight recklessly!
Your plate armour prevents you from hitting Joseph.
Joseph is severely wounded.
You block Joseph's attack.
You hit Joseph.
Joseph looks as sick as possible!
Joseph is almost dead.
Joseph hits you with a +0 quarterstaff!
* * * LOW HITPOINT WARNING * * *
You feel much better. You block Joseph's attack.
You hit Joseph.
Joseph is almost dead.
You kill Joseph!
Makhleb accepts your kill.
F - a wand of disintegration (10)
Items here: ( )) [ a +0 quarterstaff; a +0 hunting sling; 15 sling bullets; a +0 leather armour
Items here: ( )) [ a +0 quarterstaff; a +0 hunting sling; 15 sling bullets; a +0 leather armour Your magical essence is drained by the effort!
You feel much better.
Maggie gestures wildly while chanting.
Maggie attempts to bespell you!
You easily resist.
Maggie is too close now for your liking.
Maggie is nearby!
Maggie is nearby!
Maggie gestures at you while chanting. The bolt of fire hits you.
There is a stone staircase leading up here.
Maggie points at you and mumbles some strange words.
The bolt of fire hits you!!
You hit Maggie but do no damage.
Maggie is poisoned.
Maggie zaps a wand.
Maggie creates a blast of flame!
You hit Maggie.
Maggie looks as sick as possible!
Maggie is lightly wounded.
You are engulfed in blazing flames.
* * * LOW HITPOINT WARNING * * *
Maggie hits you but does no damage.
You hit Maggie.
Maggie looks as sick as possible!
Maggie is lightly wounded.
You are engulfed in blazing flames.
* * * LOW HITPOINT WARNING * * *
You block Maggie's attack.
Your shield and plate armour prevent you from hitting Maggie.
Maggie is moderately wounded.
You are engulfed in blazing flames.
* * * LOW HITPOINT WARNING * * *
Maggie casts a spell.
Maggie attempts to bespell you! You resist with almost no effort.
You closely miss Maggie.
Maggie is moderately wounded.
You are engulfed in blazing flames.
You die...

,,, #.# *, , * #.#
, *≈ # ##.## * #.
...# *,*
,#..##..###.# 8*
#..........# *
#o.#* , #@.# ≈ * *
*
*#@.##########**≈≈
, #§§..........* *
* * #○###########
, #§§..# * *
*####.# * , #.#
####.# ,*#....# ,
#.#### *


You could see Maggie and an orc.

Vanquished Creatures
  A two-headed ogre (D:7)
  Pikel (D:5)
  Joseph (D:8)
  A hippogriff (D:7)
  Menkaure (D:4)
  A sky beast (D:5)
  2 ice beasts
  A slave (D:5)
  A black bear (D:6)
  A necrophage (D:7)
  5 ogres
  A centaur (D:6)
  A bullfrog (D:6)
  A water moccasin skeleton (D:7)
  6 killer bees
  2 howler monkeys (D:7)
  2 crimson imps
  A hound (D:6)
  2 orc priests (D:3)
  3 orc wizards
  Jessica (D:2)
  A bullfrog skeleton (D:4)
  2 iguanas (D:4)
  3 worker ants (D:4)
  A hound zombie (D:7)
  3 hound skeletons
  A worker ant zombie (D:5)
  6 gnolls
  4 adders
  3 shadow imps
  An ooze (D:1)
  An adder skeleton (D:5)
  An adder zombie (D:5)
  3 worms
  3 dart slugs
  2 leopard geckos
  12 orcs
  A ball python (D:3)
  6 bats
  2 bat zombies (D:5)
  10 giant cockroaches
  6 goblins
  4 hobgoblins
  8 jackals
  11 kobolds
  3 quokkas
  5 frilled lizards
  A jackal skeleton (D:7)
  A leopard gecko skeleton (D:4)
  6 rats
  A rat zombie (D:5)
148 creatures vanquished.

Vanquished Creatures (others)
  A slave (D:5)
  An orc (D:4)
2 creatures vanquished.

Grand Total: 150 creatures vanquished

Notes
Turn   | Place    | Note
-------+----------+-------------------------------------------
     0 | D:1      | Amnesiac the Deep Dwarf Fighter began the quest for the
                  | Orb.
     0 | D:1      | Reached XP level 1. HP: 20/20 MP: 1/1
   181 | D:1      | Reached XP level 2. HP: 17/27 MP: 2/2
   196 | D:1      | Reached skill level 1 in Dodging
   274 | D:1      | Reached skill level 3 in Axes
   500 | D:1      | Reached XP level 3. HP: 14/33 MP: 3/3
   879 | D:2      | Noticed Jessica
   886 | D:2      | Killed Jessica
   886 | D:2      | Reached skill level 4 in Axes
   886 | D:2      | Reached XP level 4. HP: 8/40 MP: 4/4
   888 | D:2      | HP: 2/40 [poisoned by Jessica]
  1139 | D:3      | Reached skill level 5 in Axes
  1139 | D:3      | Reached XP level 5. HP: 14/46 MP: 4/4
  1597 | D:3      | Found a radiant altar of Vehumet.
  1741 | D:4      | Reached skill level 6 in Axes
  1741 | D:4      | Reached XP level 6. HP: 43/55 MP: 4/4
  1902 | D:4      | Found a blossoming altar of Fedhas.
  1971 | D:4      | Found a runed translucent door.
  1971 | D:4      | Noticed an angel
  1972 | D:4      | Found a glowing silver altar of Zin.
  2192 | D:4      | Noticed Menkaure
  2222 | D:4      | Killed Menkaure
  2222 | D:4      | Reached skill level 7 in Axes
  2238 | D:4      | Reached XP level 7. HP: 32/61 MP: 5/5
  2516 | D:5      | Entered Level 5 of the Dungeon
  2528 | D:5      | Reached skill level 8 in Axes
  2687 | D:5      | Reached skill level 9 in Axes
  2757 | D:5      | Found an ancient bone altar of Kikubaaqudgha.
  2894 | D:5      | Noticed Pikel
  2955 | D:5      | Killed Pikel
  2955 | D:5      | Reached skill level 10 in Axes
  2955 | D:5      | Reached XP level 8. HP: 43/68 MP: 5/5
  3395 | D:6      | Reached skill level 11 in Axes
  4525 | D:7      | Found a shimmering altar of Xom.
  4553 | D:6      | Reached skill level 12 in Axes
  4605 | D:7      | Gained mutation: You passively map the area around you.
                  | [Deep Dwarf growth]
  4605 | D:7      | Reached XP level 9. HP: 56/74 MP: 5/5
  4704 | D:7      | Found a staircase to the Ecumenical Temple.
  4714 | Temple   | Entered the Ecumenical Temple
  4766 | Temple   | Became a worshipper of Makhleb the Destroyer
  5299 | D:2      | Found a sacrificial altar of Ru.
  5822 | D:7      | Found a sparkling altar of Nemelex Xobeh.
  5872 | D:7      | Reached skill level 1 in Invocations
  6082 | D:8      | Reached skill level 13 in Axes
  6101 | D:8      | Noticed Maggie
  6383 | D:8      | Noticed a two-headed ogre
  6425 | D:7      | Killed a two-headed ogre
  6456 | D:8      | Found a shattered altar of Ashenzari.
  6465 | D:8      | Got a spiked scale mail
  6600 | D:8      | Noticed Joseph
  6624 | D:8      | Killed Joseph
  6664 | D:8      | Engulfed by Maggie's flame

Levels and vault maps discovered:
D:1:      dpeg_arrival_long_road, layout_basic, serial_glass, glass_columns_b,
          glass_columns_a, glass_columns_c, glass_columns_b, glass_columns_a,
          glass_columns_a, minmay_pentomino_v4
D:2:      layout_loops_cross, nicolae_ru_the_path_less_chosen, uniq_jessica
D:3:      layout_basic, vehumet_crystals
D:4:      layout_layer_cave, marbit_many_paths, lemuel_angel_altar,
          uniq_menkaure
D:5:      layout_loops_ring, lemuel_zombie_altar_kikubaaqudgha, first_ration,
          uniq_pikel
D:6:      layout_layer_cave
D:7:      layout_rooms, xom_confusion_cloud, nemelex_xobeh_ov_fountains_minmay,
          minmay_temple_entry_slanted
D:8:      layout_loops_ring, nicolae_ashenzari_panopticon,
          gammafunk_temple_overflow_statue, serial_shops, shop,
          kennysheep_diamond, uniq_joseph, uniq_gastronok, uniq_maggie
Temple:   zaba_magenta_temple

Skill      XL: |  1  2  3  4  5  6  7  8  9 |
---------------+----------------------------+-----
Dodging        | 1 2 3 |  3.3
Axes           | 3 4 5 6 7 10 12 13 | 13.4
Invocations    | 7 |  7.6
Fighting       | |  2.6
Armour         | |  3.2
Shields        | |  3.2

Action                   |  1- 3 |  4- 6 |  7- 9 || total
-------------------------+-------+-------+-------++-------
Melee: War axe           |   110 |    15 |    43 ||   168
       Dagger            |       |   138 |   335 ||   473
 Abil: Heal Wounds       |       |     5 |    13 ||    18
  Use: Scroll            |       |       |     9 ||     9
       Potion            |       |       |     1 ||     1
  Eat: Chunk             |       |     5 |    14 ||    19
Armor: Scale mail        |    50 |    26 |       ||    76
       Chain mail        |       |    34 |       ||    34
       Plate armour      |       |       |   249 ||   249
Dodge: Dodged            |    39 |    42 |    77 ||   158
Block: Kite shield       |    65 |    67 |   197 ||   329

Table legend:
 A = Non-vault XP
 B = Vault XP
 C = Vault XP percentage of total XP
 D = Non-vault monster count
 E = Vault monster count
 F = Vault count percentage of total count
                 A         B        C        D         E       F
            +---------+---------+-------+---------+---------+-------
      Total |    3710 |    1673 |  31.1 |     131 |      17 |  11.5
            +---------+---------+-------+---------+---------+-------
        D:1 |      41 |      13 |  24.1 |      24 |       3 |  11.1
        D:2 |      27 |      37 |  57.8 |       8 |       1 |  11.1
        D:3 |     317 |       0 |   0.0 |      29 |       0 |   0.0
        D:4 |     366 |     172 |  32.0 |      20 |       1 |   4.8
        D:5 |     409 |     646 |  61.2 |      11 |       4 |  26.7
        D:6 |     668 |     157 |  19.0 |      17 |       2 |  10.5
        D:7 |    1554 |     198 |  11.3 |      13 |       5 |  27.8
        D:8 |     328 |     450 |  57.8 |       9 |       1 |  10.0
            +---------+---------+-------+---------+---------+-------
